 Dungeon Crawl Stone Soup version 0.23-b1-13-gf37ab262a9 (webtiles) character file.

Game seed: 7414215017616559718

79 Majang the Ruffian (level 4, -2/38 HPs)
             Began as a Naga Transmuter on Feb 3, 2019.
             Slain by an orc
             ... wielding a +0 flail
              (7 damage)
             ... on level 3 of the Dungeon.
             The game lasted 00:11:08 (2387 turns).

Majang the Ruffian (Naga Transmuter)                Turns: 2387, Time: 00:11:09

Health: -2/38      AC:  2    Str: 13    XL:     4   Next: 37%
Magic:  7/7        EV:  9    Int: 14    God:
Gold:   173        SH:  3    Dex: 11    Spells: 1/7 levels left

rFire    . . .     SeeInvis +     - Unarmed
rCold    . . .     Gourm    .   g - +0 buckler
rNeg     . . .     Faith    .   b - +0 robe
rPois    +         Spirit   .   (no helmet)
rElec    .         Reflect  .   (no cloak)
rCorr    .         Harm     .   (no gloves)
MR       .....                  (no barding)
Stlth    +.........             (no amulet)
HPRegen  0.12/turn              (no ring)
MPRegen  0.10/turn              (no ring)

@: very slow
A: large, see invisible, deformed body, poison resistance, slowness 2, slow
metabolism 1, spit poison 1, AC +1
a: Spit Poison


You were on level 3 of the Dungeon.
You were not hungry.

You visited 1 branch of the dungeon, and saw 3 of its levels.

You collected 173 gold pieces.

Inventory:

Missiles
 a - 45 arrows
Armour
 b - a +0 robe (worn)
 g - a +0 buckler (worn)
Scrolls
 c - 5 scrolls of identify {unknown}
 e - 4 scrolls of remove curse {unknown}
 k - 2 scrolls of blinking {unknown}
 l - a scroll of enchant armour {unknown}
 o - a scroll of magic mapping {unknown}
 p - a scroll of amnesia {unknown}
Potions
 d - a potion of mutation {unknown}
 f - 2 potions of magic {unknown}
 h - 2 potions of degeneration {unknown}
 i - a potion of curing {unknown}
 j - a potion of cancellation {unknown}
 n - 2 potions of brilliance {unknown}
Comestibles
 m - 2 chunks of flesh
 y - 4 rations


   Skills:
 - Level 1.0 Fighting
 - Level 1.5 Dodging
 + Level 0.7 Shields
 * Level 3.8 Unarmed Combat
 + Level 2.3 Spellcasting
 * Level 3.0 Transmutations
 + Level 1.1 Poison Magic


You had one spell level left.
You knew the following spells:

 Your Spells              Type           Power        Failure   Level  Hunger
a - Beastly Appendage     Tmut           ##....       10%         1    #......
b - Sticks to Snakes      Tmut           ##......     14%         2    ###....
c - Spider Form           Tmut/Pois      #.........   38%         3    ###....

Your spell library contained the following spells:

 Spells                   Type           Power        Failure   Level  Hunger
 Ice Form                 Ice/Tmut       #.......     86%         4    #####..
 Blade Hands              Tmut           ##........   95%         5    ######.


Dungeon Overview and Level Annotations

Branches:
Dungeon (3/15)

Altars:
Nemelex Xobeh
Qazlal


Innate Abilities, Weirdness & Mutations

You cannot wear boots.
Your serpentine skin is tough. (AC +1)
You have supernaturally acute eyesight. (SInv)
Armour fits poorly on your strangely shaped body.
Your system is resistant to poisons. (rPois)
You cover ground very slowly.
You have a slow metabolism.
You can spit poison.


Message History

The orc priest is heavily wounded.
The orc priest hits you but does no damage.
You hit the orc priest.
The orc priest is severely wounded.
You have got your breath back.
Press: ? - help, Shift-Dir - straight line, f - orc priest
Aim: an orc priest, wielding a +0 whip (severely wounded)
The splash of poison misses the orc.
The splash of poison misses the orc priest.
You feel slightly more hungry.
Your horns disappear.
The orc wizard gestures wildly while chanting.
The orc wizard blinks!
The orc priest calls down the wrath of Beogh upon you.
Beogh smites you!
* * * LOW HITPOINT WARNING * * *
The orc barely misses you.
You have got your breath back.
The orc hits you with a +0 flail!
You die...

.# #.# #.# .### #.# #.#
...## #.# #.#
.<..########.###.######.
.........##............#
.....###.##..###.####≈......
#####...#.#..# #.# .≈..... #
#...##...###.## .r≈≈≈≈≈ ##
##...#.....<.@.# ..≈≈≈≈≈
.###.###..#######o# g≈≈≈≈≈≈
#.#.## #..# #o# ..≈≈≈♣≈
##.## #..# #.###†.≈≈≈._ #.#
#..# #..)o..≈≈≈♣ ... ...#
#.###..≈≈≈≈≈ ##### ###.# #.#
.≈≈≈≈≈≈ #.# #.# ..≈≈≈≈≈ ..
..# .≈≈≈.≈.


You could see an orc priest and an orc.

Vanquished Creatures
  2 adders (D:2)
  2 worms (D:2)
  A dart slug (D:1)
  2 leopard geckos (D:1)
  An orc (D:3)
  A ball python (D:3)
  8 bats
  5 giant cockroaches
  6 goblins
  5 hobgoblins
  7 kobolds
  3 frilled lizards
  5 rats
48 creatures vanquished.

Notes
Turn   | Place    | Note
-------+----------+-------------------------------------------
     0 | D:1      | Majang the Naga Transmuter began the quest for the Orb.
     0 | D:1      | Reached XP level 1. HP: 18/18 MP: 3/3
    71 | D:1      | Reached XP level 2. HP: 17/25 MP: 3/5
   175 | D:1      | Learned a level 2 spell: Sticks to Snakes
   737 | D:1      | Reached XP level 3. HP: 31/31 MP: 6/6
   873 | D:1      | Found a sparkling altar of Nemelex Xobeh.
  1002 | D:1      | Learned a level 3 spell: Spider Form
  2186 | D:2      | Reached XP level 4. HP: 38/38 MP: 5/7
  2242 | D:2      | Found a stormy altar of Qazlal.
  2352 | D:3      | Found a faded altar of an unknown god.
  2365 | D:3      | Reached skill level 1 in Poison Magic
  2387 | D:3      | Slain by an orc

Skill      XL: |  1  2  3  4 |
---------------+-------------+-----
Poison Magic   | 1 |  1.1
Transmutations | 3 |  3.0
Fighting       | |  1.0
Dodging        | |  1.5
Shields        | |  0.7
Unarmed Combat | |  3.8
Spellcasting   | |  2.3

Action                   |  1- 3 |  4- 6 || total
-------------------------+-------+-------++-------
Melee: Unarmed           |   103 |    27 ||   130
       Headbutt          |     3 |     4 ||     7
 Cast: Beastly Appendage |    19 |     4 ||    23
 Abil: Spit Poison       |    32 |     7 ||    39
  Eat: Chunk             |     3 |       ||     3
       Ration            |     1 |       ||     1
Armor: Robe              |    27 |     5 ||    32
Dodge: Dodged            |    47 |    13 ||    60
Block: Buckler           |    16 |     4 ||    20
